[ AOE2 MATCH · #507235568 ]
UnrankedPoles vs Muisca
Player's team · LOSS
Rival team · WIN
[ REPLAY ANALYSIS · EXTRACTED FROM THE RECORDED GAME ]
Feudal
10:35
Castle
21:05
Imperial
—
| APM avg | 75.3 |
| APM peak | 117 |
| eAPM avg | 44.3 |
| Villagers / military | 88 / 31 |
Focus
⚔️ 39.0% · 🌾 61.0%
Unknown (2626) ×34 · Fishing Ship ×24 · Obuch ×10 · Cavalry Archer ×9 · Militia ×4 · Scorpion ×3
Feudal
13:06
Castle
17:37
Imperial
—
| APM avg | 37.2 |
| APM peak | 64 |
| eAPM avg | 23.8 |
| Villagers / military | 124 / 44 |
Focus
⚔️ 44.3% · 🌾 55.7%
Unknown (2626) ×40 · Unknown (2550) ×27 · Fishing Ship ×24 · Archer ×22 · Spearman ×14 · Fire Galley ×3
Match map
Initial resources + every placement click. Lines = walls · curves = elevation contours. ◆ gold · ⬟ stone · ● berries · ✦ relic · ◌ wall gap
Your base· ✓ Closed at 21:05 · 50t walls · no gate
VENÓN | BetoxAOE's base· ✓ Closed at 17:37 · 75t walls · 1 gate(s) · fragile
Smoothed initial terrain · ◌ = detected wall gap · hover for details
Inputs per minute
— iamkaito - - VENÓN | BetoxAOE
Build order — iamkaito
First 150 of 270 actions detected
| 0:01 | Queue | Villager (Male) |
| 0:01 | Queue | Villager (Male) |
| 0:02 | Build | House |
| 0:04 | Build | House |
| 0:15 | Queue | Villager (Male) |
| 0:15 | Queue | Villager (Male) |
| 1:25 | Build | Lumber Camp |
| 1:38 | Queue | Villager (Male) |
| 1:55 | Queue | Villager (Male) |
| 2:34 | Queue | Villager (Male) |
| 2:59 | Queue | Villager (Male) |
| 3:29 | Build | House |
| 3:39 | Queue | Villager (Male) |
| 4:03 | Queue | Villager (Male) |
| 4:17 | Build | Dock |
| 4:26 | Queue | Villager (Male) |
| 4:44 | Queue | Villager (Male) |
| 5:11 | Queue | Fishing Ship |
| 5:12 | Build | Palisade Wall |
| 5:13 | Build | Palisade Wall |
| 5:23 | Queue | Villager (Male) |
| 5:29 | Queue | Fishing Ship |
| 5:33 | Build | House |
| 5:36 | Queue | Villager (Male) |
| 6:10 | Queue | Villager (Male) |
| 6:10 | Queue | Villager (Male) |
| 6:18 | Queue | Fishing Ship |
| 6:28 | Queue | Villager (Male) |
| 6:28 | Queue | Villager (Male) |
| 7:02 | Build | House |
| 7:05 | Queue | Villager (Male) |
| 7:15 | Queue | Villager (Male) |
| 7:23 | Queue | Fishing Ship |
| 8:00 | Research | Loom |
| 8:02 | Build | Barracks |
| 8:24 | Research | Feudal Age |
| 8:42 | Build | Mining Camp |
| 8:51 | Build | House |
| 8:56 | Queue | Militia |
| 8:56 | Queue | Militia |
| 8:57 | Queue | Militia |
| 9:32 | Queue | Militia |
| 10:27 | Queue | Villager (Male) |
| 10:35 | Age | Feudal Age |
| 10:36 | Queue | Villager (Male) |
| 10:49 | Build | Watch Tower |
| 10:53 | Queue | Villager (Male) |
| 10:53 | Queue | Villager (Male) |
| 10:54 | Queue | Villager (Male) |
| 11:09 | Research | Double-Bit Axe |
| 11:09 | Research | Double-Bit Axe |
| 11:11 | Queue | Villager (Male) |
| 11:11 | Queue | Villager (Male) |
| 11:17 | Build | House |
| 11:20 | Queue | Villager (Male) |
| 11:20 | Queue | Villager (Male) |
| 11:24 | Build | Palisade Wall |
| 11:24 | Build | Palisade Wall |
| 11:25 | Build | Palisade Wall |
| 11:25 | Build | Palisade Wall |
| 11:35 | Queue | Fishing Ship |
| 11:44 | Queue | Villager (Male) |
| 11:56 | Research | Man-at-Arms (upgrade) |
| 12:10 | Build | Palisade Wall |
| 12:13 | Build | Palisade Wall |
| 12:13 | Build | Palisade Wall |
| 12:17 | Queue | Villager (Male) |
| 12:17 | Queue | Villager (Male) |
| 12:19 | Build | Watch Tower |
| 12:29 | Build | Dock |
| 12:31 | Build | Palisade Wall |
| 12:40 | Queue | Villager (Male) |
| 12:52 | Build | House |
| 13:01 | Queue | Villager (Male) |
| 13:09 | Build | Blacksmith |
| 13:12 | Build | Mill |
| 13:15 | Queue | Villager (Male) |
| 13:18 | Queue | Fire Galley |
| 13:20 | Queue | Unit 2626 |
| 13:20 | Queue | Unit 2626 |
| 13:22 | Queue | Villager (Male) |
| 13:25 | Build | House |
| 13:40 | Build | Outpost |
| 13:43 | Queue | Villager (Male) |
| 13:59 | Build | Outpost |
| 14:01 | Queue | Villager (Male) |
| 14:07 | Build | House |
| 14:14 | Build | Watch Tower |
| 14:15 | Queue | Villager (Male) |
| 14:16 | Queue | Villager (Male) |
| 14:19 | Queue | Villager (Male) |
| 14:27 | Queue | Villager (Male) |
| 14:30 | Build | Mining Camp |
| 14:54 | Queue | Villager (Male) |
| 14:56 | Build | House |
| 14:57 | Build | Palisade Wall |
| 15:15 | Build | House |
| 15:21 | Queue | Unit 2626 |
| 15:43 | Queue | Villager (Male) |
| 15:50 | Queue | Unit 2626 |
| 15:52 | Build | Dock |
| 15:57 | Queue | Villager (Male) |
| 16:13 | Queue | Villager (Male) |
| 16:13 | Queue | Villager (Male) |
| 16:16 | Queue | Villager (Male) |
| 16:45 | Queue | Unit 2626 |
| 16:46 | Queue | Unit 2626 |
| 17:09 | Queue | Unit 2626 |
| 17:10 | Queue | Unit 2626 |
| 17:18 | Queue | Unit 2626 |
| 17:19 | Queue | Villager (Male) |
| 17:19 | Queue | Villager (Male) |
| 17:57 | Queue | Villager (Male) |
| 18:05 | Build | Archery Range |
| 18:22 | Build | Mill |
| 18:25 | Research | Castle Age |
| 18:37 | Queue | Unit 2626 |
| 18:54 | Build | Palisade Wall |
| 18:58 | Build | Palisade Wall |
| 19:01 | Build | Palisade Wall |
| 19:12 | Queue | Unit 2626 |
| 19:12 | Queue | Unit 2626 |
| 19:13 | Queue | Unit 2626 |
| 19:25 | Queue | Villager (Male) |
| 19:26 | Queue | Villager (Male) |
| 19:32 | Build | Lumber Camp |
| 19:52 | Build | Lumber Camp |
| 20:19 | Build | Palisade Wall |
| 20:22 | Queue | Villager (Male) |
| 20:43 | Build | Stable |
| 20:45 | Build | Palisade Wall |
| 20:53 | Research | Gold Mining |
| 20:54 | Research | Gold Mining |
| 21:05 | Age | Castle Age |
| 21:07 | Build | Dock |
| 21:15 | Research | Fletching |
| 21:16 | Research | Fletching |
| 21:24 | Queue | Villager (Male) |
| 21:28 | Queue | Villager (Male) |
| 21:33 | Queue | Unit 2626 |
| 21:33 | Queue | Unit 2626 |
| 21:53 | Queue | Cavalry Archer |
| 21:54 | Queue | Cavalry Archer |
| 21:57 | Queue | Villager (Male) |
| 22:05 | Build | Archery Range |
| 22:20 | Queue | Villager (Male) |
| 22:30 | Build | Stone Wall |
| 22:33 | Queue | Villager (Male) |
| 22:36 | Build | Market |
| 22:52 | Research | Bodkin Arrow |
Build order — VENÓN | BetoxAOE
First 150 of 351 actions detected
| 0:01 | Queue | Villager (Male) |
| 0:01 | Queue | Villager (Male) |
| 0:02 | Queue | Villager (Male) |
| 0:02 | Queue | Villager (Male) |
| 0:02 | Build | House |
| 0:03 | Build | House |
| 1:37 | Queue | Villager (Male) |
| 1:57 | Build | Settlement |
| 2:09 | Queue | Villager (Male) |
| 2:31 | Research | Loom |
| 2:31 | Research | Loom |
| 3:05 | Queue | Villager (Male) |
| 3:05 | Queue | Villager (Male) |
| 3:37 | Queue | Villager (Male) |
| 3:53 | Build | Dock |
| 4:08 | Queue | Villager (Male) |
| 4:08 | Queue | Villager (Male) |
| 4:31 | Queue | Fishing Ship |
| 4:31 | Queue | Fishing Ship |
| 4:36 | Queue | Villager (Male) |
| 4:36 | Queue | Villager (Male) |
| 4:57 | Queue | Villager (Male) |
| 5:02 | Queue | Fishing Ship |
| 5:22 | Queue | Villager (Male) |
| 5:22 | Queue | Villager (Male) |
| 5:44 | Queue | Villager (Male) |
| 5:44 | Queue | Villager (Male) |
| 5:54 | Queue | Fishing Ship |
| 5:58 | Build | House |
| 6:07 | Queue | Villager (Male) |
| 6:28 | Queue | Fishing Ship |
| 6:41 | Build | House |
| 6:43 | Queue | Villager (Male) |
| 7:04 | Queue | Villager (Male) |
| 7:04 | Queue | Villager (Male) |
| 7:06 | Queue | Fishing Ship |
| 7:17 | Build | Palisade Wall |
| 7:22 | Build | House |
| 7:27 | Build | Palisade Wall |
| 7:28 | Build | Palisade Wall |
| 7:33 | Queue | Villager (Male) |
| 7:40 | Build | Dock |
| 7:42 | Build | Palisade Wall |
| 7:43 | Build | Palisade Wall |
| 7:50 | Queue | Villager (Male) |
| 7:50 | Queue | Villager (Male) |
| 7:52 | Build | Palisade Wall |
| 8:01 | Queue | Fishing Ship |
| 8:08 | Build | Palisade Wall |
| 8:20 | Queue | Villager (Male) |
| 8:21 | Queue | Villager (Male) |
| 8:21 | Queue | Villager (Male) |
| 8:29 | Build | Palisade Wall |
| 8:38 | Build | Palisade Wall |
| 8:44 | Build | Palisade Wall |
| 8:51 | Queue | Fishing Ship |
| 8:51 | Queue | Fishing Ship |
| 8:52 | Queue | Villager (Male) |
| 8:52 | Queue | Villager (Male) |
| 9:01 | Build | Palisade Gate |
| 9:16 | Queue | Fishing Ship |
| 9:43 | Queue | Fishing Ship |
| 9:52 | Queue | Fishing Ship |
| 9:52 | Queue | Fishing Ship |
| 9:53 | Queue | Fishing Ship |
| 9:53 | Queue | Fishing Ship |
| 9:57 | Queue | Villager (Male) |
| 9:57 | Queue | Villager (Male) |
| 10:07 | Build | House |
| 10:23 | Queue | Fishing Ship |
| 10:56 | Research | Feudal Age |
| 11:02 | Build | Settlement |
| 11:14 | Build | Palisade Wall |
| 11:27 | Queue | Fishing Ship |
| 11:28 | Queue | Fishing Ship |
| 11:28 | Queue | Fishing Ship |
| 11:43 | Build | House |
| 12:06 | Build | Settlement |
| 12:23 | Build | House |
| 12:27 | Build | Palisade Wall |
| 12:29 | Build | Palisade Wall |
| 12:29 | Build | Palisade Wall |
| 12:31 | Build | Palisade Wall |
| 13:06 | Age | Feudal Age |
| 13:10 | Build | Stone Wall |
| 13:19 | Build | Stone Wall |
| 13:20 | Build | Stone Wall |
| 13:33 | Queue | Villager (Male) |
| 13:34 | Research | Town Watch |
| 13:45 | Build | Market |
| 13:49 | Build | House |
| 14:20 | Build | Blacksmith |
| 14:33 | Build | Watch Tower |
| 14:57 | Research | Castle Age |
| 15:00 | Research | Fletching |
| 15:21 | Build | Barracks |
| 15:25 | Research | Scale Mail Armor |
| 15:47 | Queue | Unit 2626 |
| 15:56 | Research | Tech 1402 |
| 15:59 | Research | Forging |
| 16:05 | Queue | Unit 2626 |
| 16:23 | Build | Dock |
| 17:08 | Queue | Unit 2626 ×2 |
| 17:09 | Queue | Unit 2626 ×2 |
| 17:11 | Build | House |
| 17:11 | Build | House |
| 17:12 | Build | House |
| 17:26 | Build | Barracks |
| 17:37 | Age | Castle Age |
| 17:40 | Queue | Villager (Male) |
| 17:53 | Research | Tech 906 |
| 17:56 | Research | Chain Mail Armor |
| 17:58 | Research | Iron Casting |
| 17:59 | Research | Iron Casting |
| 18:12 | Queue | Villager (Male) |
| 18:13 | Queue | Villager (Male) |
| 18:31 | Research | Tech 1351 |
| 18:31 | Research | Tech 1351 |
| 18:35 | Queue | Unit 2550 |
| 18:42 | Queue | Unit 2626 |
| 18:42 | Queue | Unit 2626 |
| 19:03 | Queue | Unit 2626 |
| 19:03 | Queue | Unit 2626 |
| 19:17 | Research | War Galley (upgrade) |
| 19:23 | Queue | Unit 2550 |
| 19:23 | Queue | Unit 2550 |
| 19:25 | Queue | Villager (Male) |
| 19:25 | Queue | Villager (Male) |
| 19:51 | Build | House |
| 19:51 | Build | House |
| 19:52 | Build | House |
| 19:52 | Build | House |
| 19:52 | Build | House |
| 19:52 | Build | House |
| 19:55 | Queue | Unit 2550 ×5 |
| 20:15 | Queue | Villager (Male) |
| 20:18 | Queue | Fishing Ship |
| 20:41 | Queue | Unit 2550 |
| 20:46 | Build | Siege Workshop |
| 20:55 | Build | Dock |
| 20:58 | Build | Palisade Wall |
| 20:59 | Build | Palisade Wall |
| 21:03 | Queue | Villager (Male) |
| 21:03 | Queue | Villager (Male) |
| 21:03 | Queue | Villager (Male) |
| 21:30 | Queue | Fishing Ship |
| 21:38 | Research | Gillnets |
| 21:38 | Research | Gillnets |
| 21:52 | Queue | Unit 2586 |
| 21:52 | Queue | Unit 2586 |
Match timeline
| 3:53 | VENÓN | BetoxAOE · first_building Dock |
| 4:17 | iamkaito · first_building Dock |
| 5:12 | iamkaito · wall_segment Palisade Wall x1 |
| 5:13 | iamkaito · wall_segment Palisade Wall x1 |
| 7:17 | VENÓN | BetoxAOE · wall_segment Palisade Wall x8 |
| 7:27 | VENÓN | BetoxAOE · wall_segment Palisade Wall x4 |
| 7:28 | VENÓN | BetoxAOE · wall_segment Palisade Wall x3 |
| 7:42 | VENÓN | BetoxAOE · wall_segment Palisade Wall x1 |
| 7:43 | VENÓN | BetoxAOE · wall_segment Palisade Wall x1 |
| 7:52 | VENÓN | BetoxAOE · wall_segment Palisade Wall x1 |
| 8:02 | iamkaito · first_building Barracks |
| 8:08 | VENÓN | BetoxAOE · wall_segment Palisade Wall x8 |
| 8:29 | VENÓN | BetoxAOE · wall_segment Palisade Wall x9 |
| 8:38 | VENÓN | BetoxAOE · wall_segment Palisade Wall x12 |
| 8:44 | VENÓN | BetoxAOE · wall_segment Palisade Wall x7 |
| 10:35 | iamkaito · age_up feudal |
| 11:14 | VENÓN | BetoxAOE · wall_segment Palisade Wall x7 |
| 11:24 | iamkaito · wall_segment Palisade Wall x1 |
| 11:24 | iamkaito · wall_segment Palisade Wall x1 |
| 11:25 | iamkaito · wall_segment Palisade Wall x2 |
| 11:25 | iamkaito · wall_segment Palisade Wall x1 |
| 12:10 | iamkaito · wall_segment Palisade Wall x1 |
| 12:13 | iamkaito · wall_segment Palisade Wall x1 |
| 12:13 | iamkaito · wall_segment Palisade Wall x1 |
| 12:27 | VENÓN | BetoxAOE · wall_segment Palisade Wall x1 |
| 12:29 | VENÓN | BetoxAOE · wall_segment Palisade Wall x1 |
| 12:29 | VENÓN | BetoxAOE · wall_segment Palisade Wall x1 |
| 12:31 | iamkaito · wall_segment Palisade Wall x1 |
| 12:31 | VENÓN | BetoxAOE · wall_segment Palisade Wall x1 |
| 13:06 | VENÓN | BetoxAOE · age_up feudal |
| 13:10 | VENÓN | BetoxAOE · wall_segment Stone Wall x7 |
| 13:19 | VENÓN | BetoxAOE · wall_segment Stone Wall x4 |
| 13:20 | VENÓN | BetoxAOE · wall_segment Stone Wall x3 |
| 14:57 | iamkaito · wall_segment Palisade Wall x2 |
| 15:21 | VENÓN | BetoxAOE · first_building Barracks |
| 16:19 | VENÓN | BetoxAOE · first_market_buy 100 wood |
| 17:37 | VENÓN | BetoxAOE · age_up castle |
| 18:05 | iamkaito · first_building Archery Range |
| 18:54 | iamkaito · wall_segment Palisade Wall x15 |
| 18:58 | iamkaito · wall_segment Palisade Wall x15 |
| 19:01 | iamkaito · wall_segment Palisade Wall x10 |
| 20:19 | iamkaito · wall_segment Palisade Wall x1 |
| 20:43 | iamkaito · first_building Stable |
| 20:45 | iamkaito · wall_segment Palisade Wall x1 |
| 20:46 | VENÓN | BetoxAOE · first_building Siege Workshop |
| 20:58 | VENÓN | BetoxAOE · wall_segment Palisade Wall x1 |
| 20:59 | VENÓN | BetoxAOE · wall_segment Palisade Wall x1 |
| 21:05 | iamkaito · age_up castle |
| 22:30 | iamkaito · wall_segment Stone Wall x2 |
| 23:25 | iamkaito · first_market_buy 100 wood |
| 24:35 | iamkaito · wall_segment Palisade Wall x1 |
| 24:38 | iamkaito · wall_segment Palisade Wall x1 |
| 24:50 | iamkaito · wall_segment Palisade Wall x1 |
| 24:58 | iamkaito · wall_segment Palisade Wall x1 |
| 25:16 | iamkaito · first_building Castle |
| 26:05 | iamkaito · wall_segment Palisade Wall x1 |
| 26:09 | iamkaito · wall_segment Palisade Wall x1 |
| 26:20 | iamkaito · wall_segment Palisade Wall x1 |
| 28:11 | VENÓN | BetoxAOE · wall_segment Palisade Wall x2 |
| 28:13 | VENÓN | BetoxAOE · wall_segment Palisade Wall x1 |
| 29:42 | iamkaito · first_building Monastery |
| 30:12 | VENÓN | BetoxAOE · first_building Archery Range |
| 30:43 | iamkaito · first_building Siege Workshop |
| 31:21 | iamkaito · wall_segment Palisade Wall x1 |
| 31:22 | iamkaito · wall_segment Palisade Wall x1 |
| 31:23 | iamkaito · wall_segment Palisade Wall x1 |
| 31:43 | iamkaito · wall_segment Palisade Wall x10 |
| 32:24 | VENÓN | BetoxAOE · first_building Castle |
| 35:14 | iamkaito · first_market_sell 100 wood |
| 37:10 | iamkaito · resign |
[ AI ANALYSIS · 1 CREDIT ]
What really happened in this match?
Wolo.gg analyzes every decision: build order, eco, micro, common mistakes by bracket. Personalized analysis on WhatsApp or Discord in 30 seconds.
Civ guide
Poles
Perfil
Jugador #3816609